 Dungeon Crawl Stone Soup version 0.15.0-8-gb109cf8 (webtiles) character file.

6449 PotatoesMaster the Whirler (level 11, 0/62 HPs)
             Began as a Halfling Hunter on Aug 30, 2014.
             Was an Elder of Dithmenos.
             Killed from afar by an orc (1 damage)
             ... with a wand of frost
             ... on Level 10 of the Dungeon.
             The game lasted 01:23:46 (13358 turns).

PotatoesMaster the Whirler (Halfling Hunter)       Turns: 13358, Time: 01:23:46

HP   0/62        AC  2     Str 12      XL: 11   Next: 18%
MP  11/11        EV 29     Int 10      God: Dithmenos [****..]
Gold 520         SH  0     Dex 24      Spells:  0 memorised, 10 levels left

rFire  . . .     SeeInvis .     b - +2 hunting sling
rCold  + . .     Clarity  .     s - +0 robe of the Hidden Ghosts {rN+}
rNeg   + . .     rCorr    .     (no shield)
rPois  .         rRot     .     (no helmet)
rElec  .         Spirit   .     (no cloak)
SustAb .         Warding  .     (no gloves)
rMut   .         Stasis   .     (no boots)
Gourm  .                        (no amulet)
MR     .....                    J - ring of protection from cold
                                v - ring of stealth

@: agile, flying, wreathed by umbra, not resistant to hostile enchantments, very
stealthy
A: mutation resistance 1, spit poison 1
a: Spit Poison, Shadow Step, Renounce Religion


You were on level 10 of the Dungeon.
You worshipped Dithmenos.
Dithmenos was greatly pleased with you.
You were not hungry.

You visited 1 branch of the dungeon, and saw 10 of its levels.

You collected 520 gold pieces.

Inventory:

Hand weapons
 a - a +0 short sword
 b - a +2 hunting sling (weapon)
 c - a +2 flail of protection
 w - a +3 vampiric dagger
 y - a +2 long sword of flaming
 H - the -2 hand axe of an ice cave {flame, Contam SInv}
   (You found it on level 8 of the Dungeon)

   It emits flame when wielded, causing extra injury to most foes and up to
   double damage against particularly susceptible opponents.
   Big, fiery blades are also staple armaments of hydra-hunters.
   It enhances your eyesight.
   It causes magical contamination when unequipped.
   Dithmenos disapproves of the use of such an item.
 L - a +0 blowgun
Missiles
 e - 168 stones (quivered)
 i - 21 poisoned sling bullets
 j - 5 tomahawks
Armour
 d - a +1 leather armour
 s - the +0 robe of the Hidden Ghosts (worn) {rN+}
   (You found it on level 5 of the Dungeon)

   It protects you from negative energy.
Magical devices
 g - a wand of enslavement (18)
 t - a wand of magic darts (10)
Comestibles
 f - 4 bread rations
 k - 2 chunks of hound flesh
 C - a rotting chunk of fire drake flesh
Scrolls
 m - 2 scrolls of enchant armour
 q - 8 scrolls of identify
 r - 5 scrolls of remove curse
 u - a scroll of recharging
Jewellery
 v - a ring of stealth (left hand)
 x - an uncursed ring of fire
 J - a ring of protection from cold (right hand)
Potions
 h - a potion of cure mutation
 o - a potion of magic
 A - 3 potions of flight
 B - a potion of invisibility
 D - a potion of brilliance
Books
 l - a book of Minor Magic

   Spells                             Type                      Level
   Magic Dart                         Conjuration                  1
   Blink                              Translocation                2
   Call Imp                           Summoning                    2
   Repel Missiles                     Charms/Air                   2
   Slow                               Hexes                        2
   Conjure Flame                      Conjuration/Fire             3
   Mephitic Cloud                     Conjuration/Poison/Air       3
 n - a book of the Dragon

   Spells                             Type                      Level
   Flight                             Charms/Air                   3
   Cause Fear                         Hexes                        4
   Bolt of Fire                       Conjuration/Fire             6
   Dragon Form                        Transmutation                7
   Dragon's Call                      Summoning                    9
 F - a book of the Tempests

   Spells                             Type                      Level
   Static Discharge                   Conjuration/Air              3
   Lightning Bolt                     Conjuration/Air              5
   Fireball                           Conjuration/Fire             5
   Tornado                            Air                          9
   Shatter                            Earth                        9


   Skills:
 - Level 0.8 Fighting
 * Level 18.6 Slings
 + Level 8.2 Dodging
 + Level 4.9 Stealth
 - Level 0.2 Evocations


You had 10 spell levels left.
You didn't know any spells.

Dungeon Overview and Level Annotations

Branches:
Dungeon (10/15)            Temple (0/1) D:6             Orc (0/4) D:10
   Lair (0/8) D:10

Altars:
Ashenzari
Dithmenos
Elyvilon
Fedhas
Kikubaaqudgha
Okawaru
Qazlal
Sif Muna
Trog
Vehumet
Xom
Zin

Shops:
D:5 (

Annotations:
D:6 exclusion: oklob sapling


Innate Abilities, Weirdness & Mutations

You are small and have problems with some larger weapons.
You are somewhat resistant to further mutation.
You can spit poison.


Message History

The orc barely misses you.
The orc wizard cheers loudly.
Evoke which item? (* to show all) (? for menu, Esc to quit)
That item cannot be evoked!
Evoke which item? (* to show all) (? for menu, Esc to quit)
Zapping:
g - a wand of enslavement (20)
Press: ? - help, Shift-Dir - straight line, f - swamp drake, p - orc warrior
Aim: a swamp drake (heavily wounded, umbra)
The swamp drake resists.
This wand has 19 charges left.
The orc zaps a wand.
The puff of frost hits you! You resist.
* * * LOW HITPOINT WARNING * * *
The swamp drake completely misses you. Something hits your orc warrior.
Evoke which item? (* to show all) (? for menu, Esc to quit)
Zapping:
g - a wand of enslavement (19)
Press: ? - help, Shift-Dir - straight line, f/p - swamp drake
Aim: a swamp drake (heavily wounded, umbra)
The swamp drake is charmed.
This wand has 18 charges left.
The orc completely misses you.
The orc zaps a wand.
The puff of frost hits you! You resist.
You die...

.......+.................#
#...
.......#.................#
+...
.......#.................#
#...
#<.....#...###############
#### #......#...# #.≈...#
... #.....##...#
#≈....#...o #.....#....#
#.......... ......#....#
#.oko....... ......#....#
#@..o..o.. ......+>...#
#ooo..!... ......#....#
#...!....
####'##....##############
#....#........#..###....#
..)..#........'.........#
.....#........#.........#
.....#........#.........#
.....#........#<........#


You could see an orc priest, an orc wizard, 5 orcs, a friendly swamp drake and a
friendly orc warrior.

Vanquished Creatures
  A centaur warrior (D:9)
  Pikel (D:6)
  A fire drake (D:10)
  A troll (D:9)
  Prince Ribbit (D:6)
  A deep elf mage (D:9)
  2 wyverns (D:9)
  2 orc warriors
  A water moccasin (D:6)
  A hungry ghost (D:9)
  Edmund (D:5)
  Menkaure (D:5)
  The ghost of PotatoesMaster the Magician, an average DEFE (D:4)
  A jelly (D:6)
  2 sky beasts
  2 slaves (D:6)
  2 phantoms
  A centaur (D:8)
  4 ice beasts
  A yellow wasp (D:9)
  4 ogres
  Sigmund (D:4)
  Duvessa (D:5)
  A crocodile (D:8)
  A gnoll sergeant (D:9)
  4 giant frogs
  A scorpion (D:10)
  3 killer bees (D:9)
  3 wights (D:7)
  Dowan (D:5)
  2 iguanas
  A quasit (D:9)
  A goliath beetle (D:7)
  3 crimson imps
  9 orc priests
  3 hounds
  Natasha (thrice) (D:3)
  5 orc wizards
  5 worker ants
  A hound zombie (D:9)
  A worker ant zombie (D:9)
  13 gnolls
  12 adders
  A scorpion zombie (D:5)
  A shadow imp (D:7)
  A giant mite (D:2)
  A goliath beetle zombie (D:6)
  An inept item mimic (D:8)
  5 worms
  An orc skeleton (D:8)
  An orc zombie (D:9)
  2 iguana skeletons
  8 giant geckos
  An ooze (D:6)
  25 orcs
  A bat skeleton (D:4)
  3 bat zombies (D:3)
  4 giant cockroaches
  18 goblins
  14 hobgoblins
  26 jackals
  21 kobolds
  10 quokkas
  21 bats
  6 giant newts
  A giant spore (D:7)
  A goblin skeleton (D:5)
  A hobgoblin skeleton (D:5)
  A kobold skeleton (D:7)
  19 rats
  4 ballistomycetes (D:7)
306 creatures vanquished.

Vanquished Creatures (others)
  2 slaves (D:6)
  An adder skeleton (D:6)
  2 orcs (D:6)
5 creatures vanquished.

Grand Total: 311 creatures vanquished

Notes
Turn   | Place    | Note
--------------------------------------------------------------
     0 | D:1      | PotatoesMaster, the Halfling Hunter, began the quest for the Orb.
     0 | D:1      | Reached XP level 1. HP: 12/12 MP: 1/1
   255 | D:1      | Reached skill level 6 in Slings
   309 | D:1      | Reached XP level 2. HP: 18/18 MP: 2/2
  1005 | D:1      | Reached XP level 3. HP: 22/22 MP: 3/3
  1135 | D:2      | Found a radiant altar of Vehumet.
  1140 | D:2      | Reached skill level 7 in Slings
  1205 | D:2      | Found a shadowy altar of Dithmenos.
  1385 | D:2      | Reached XP level 4. HP: 22/27 MP: 4/4
  1491 | D:2      | Found a white marble altar of Elyvilon.
  1602 | D:2      | Became a worshipper of Dithmenos the Shadowed
  1737 | D:3      | Found a deep blue altar of Sif Muna.
  1932 | D:3      | Found a shimmering altar of Xom.
  2132 | D:3      | Reached skill level 8 in Slings
  2132 | D:3      | Reached XP level 5. HP: 32/32 MP: 5/5
  2153 | D:3      | Found an ancient bone altar of Kikubaaqudgha.
  2310 | D:3      | Noticed Natasha
  2315 | D:3      | Killed Natasha
  2411 | D:3      | Reached XP level 6. HP: 25/37 MP: 6/6
  2598 | D:3      | Noticed Natasha
  2600 | D:3      | Killed Natasha
  2692 | D:3      | Reached skill level 9 in Slings
  2954 | D:3      | Noticed Natasha
  2956 | D:3      | Killed Natasha
  3203 | D:4      | Acquired Dithmenos' first power
  3525 | D:4      | Noticed PotatoesMaster's ghost (average DEFE)
  3547 | D:4      | Killed PotatoesMaster's ghost
  3547 | D:4      | Reached skill level 10 in Slings
  3547 | D:4      | Reached XP level 7. HP: 19/42 MP: 7/7
  3569 | D:4      | Noticed Sigmund
  3895 | D:5      | Entered Level 5 of the Dungeon
  4120 | D:5      | Noticed Edmund
  4157 | D:5      | Found Irawiw's Weapon Shop.
  4485 | D:5      | Found a glowing silver altar of Zin.
  4509 | D:5      | Noticed Menkaure
  4523 | D:5      | Killed Menkaure
  4523 | D:5      | Reached skill level 11 in Slings
  4523 | D:5      | Reached skill level 5 in Dodging
  4561 | D:5      | Noticed Duvessa
  4564 | D:5      | Noticed Dowan
  4579 | D:5      | Killed Duvessa
  4579 | D:5      | Reached XP level 8. HP: 47/47 MP: 8/8
  4595 | D:5      | Killed Dowan
  5373 | D:5      | Acquired Dithmenos' second power
  5415 | D:5      | Got a faintly humming robe
  5427 | D:5      | Identified the cursed +0 robe of the Hidden Ghosts {rN+} (You found it on level 5 of the Dungeon)
  5528 | D:5      | Reached skill level 12 in Slings
  5820 | D:5      | Killed Edmund
  6440 | D:4      | Killed Sigmund
  6665 | D:6      | Found a staircase to the Ecumenical Temple.
  6757 | D:6      | Noticed Pikel
  6784 | D:6      | Killed Pikel
  6784 | D:6      | Reached skill level 14 in Slings
  6784 | D:6      | Reached XP level 9. HP: 6/52 MP: 9/9
  6785 | D:6      | HP: 1/52 [adder skeleton (2)]
  7496 | D:6      | Noticed Prince Ribbit
  7505 | D:6      | Killed Prince Ribbit
  7505 | D:6      | Reached skill level 15 in Slings
  8290 | D:7      | Acquired Dithmenos' third power
  8379 | D:7      | Reached skill level 16 in Slings
  8396 | D:7      | Reached XP level 10. HP: 48/57 MP: 10/10
  9082 | D:7      | Found a shattered altar of Ashenzari.
  9087 | D:7      | Found a blossoming altar of Fedhas.
  9566 | D:8      | Found a stormy altar of Qazlal.
  9961 | D:8      | Reached skill level 17 in Slings
 10091 | D:8      | Found an iron altar of Okawaru.
 10206 | D:8      | Got a twisted hand axe
 10207 | D:8      | Identified the cursed -2 hand axe of an ice cave {flame, Contam SInv} (You found it on level 8 of the Dungeon)
 10223 | D:8      | Gained mutation: You can spit poison. [mutagenic glow]
 10266 | D:8      | Noticed a moth of wrath
 10273 | D:8      | Found a bloodstained altar of Trog.
 12325 | D:9      | Noticed a centaur warrior
 12338 | D:9      | Killed a centaur warrior
 12338 | D:9      | Reached skill level 18 in Slings
 12338 | D:9      | Reached XP level 11. HP: 25/62 MP: 11/11
 12879 | D:10     | Entered Level 10 of the Dungeon
 13099 | D:10     | Found a staircase to the Lair.
 13160 | D:10     | Found a shattered altar of Ashenzari.
 13351 | D:10     | Found a staircase to the Orcish Mines.
 13352 | D:10     | HP: 3/62 [orc wizard/magic dart (8)]
 13357 | D:10     | HP: 1/62 [orc/wand of frost (3)]
 13358 | D:10     | Killed from afar by an orc

Action                   |  1- 3 |  4- 6 |  7- 9 | 10-12 || total
-------------------------+-------+-------+-------+-------++-------
Melee: Hunting sling     |       |       |     1 |       ||     1
       Short sword       |       |       |       |    38 ||    38
 Fire: Hunting sling     |   103 |   213 |   573 |   628 ||  1517
 Abil: Spit Poison       |       |       |       |     1 ||     1
Evoke: Wand              |       |       |     1 |     6 ||     7
  Use: Scroll            |     2 |     2 |    11 |     7 ||    22
       Potion            |       |     5 |     9 |     4 ||    18
  Eat: Chunk             |     1 |     7 |     7 |     6 ||    21
       Fruit             |       |       |     3 |       ||     3
       Beef jerky        |       |       |     1 |       ||     1
       Meat ration       |       |       |     1 |       ||     1
       Pizza             |       |       |     1 |       ||     1
       Royal jelly       |       |       |       |     1 ||     1
       Bread ration      |       |       |       |     1 ||     1
